Unix NetHack Version 5.0.0-0 post-release - last build Jun 10 2026 00:39:30 (3ee93aec679c4c4259841fe613dc97188e26a321,branch:main).

Game began 2026-06-18 03:10:49, ended 2026-06-18 06:22:27.

Brudee, chaotic female human Rogue

                                                                        #   #
                                                                       -----.-
                                --------              ----------      #.`....|
                #               |......|              |........|      #|.....|
         --------------         |......|              |...+)...|      #|.....|
         |.........>...#####0   |......|              |......_.-#######-.....|
         |....F.......|     ####|......|              ------...-     ##--.----
         |.............#       #|......|                     ##     ##   #
         ---.----------#       #|.......##                   #      #
           ##          #       #------|- ##                ###      #
           #           #       ###### #   ##               #        #
           #           #            ###################)# )#        #
    -------.---        ###      #######    ######  #----.-|---------#
    |....@..:..############-----.------         #  #-..............|#
    |...M.....|          ##|..........|         #  #|...............#
    |......`..|           #|..........|         ####|..............|#
    -----------           #...........|          ###-...............#
                          #------------ ##########  ----------------
                          ###############

Brudee the Pilferer     St:11 Dx:18 Co:18 In:8 Wi:12 Ch:11  Chaotic S:10066
Dlvl:11 $:0  HP:0(97) Pw:44(44) AC:3  Xp:10/5593 T:9528 

Latest messages:
 You kill the rothe!
 You see here a rothe corpse.
 The leprechaun hits!
 You hit the leprechaun!
 The leprechaun hits!
 You hit the leprechaun.
 The leprechaun just misses!
 You hit the leprechaun.
 The leprechaun hits!
 You hit the leprechaun.
 The leprechaun hits!
 You hit the leprechaun.
 The leprechaun hits!
 You hit the leprechaun.
 The leprechaun hits!
 You hit the leprechaun.
 The leprechaun hits!
 You kill the leprechaun!
 There is a rothe corpse here; eat it? [ynq] (n) y
 Blecch!  Rotten food!
 You finish eating the rothe corpse.
 You stop waiting.
 The lizard bites!
 You hit the lizard.
 The lizard bites!
 You hit the lizard!
 The lizard bites!
 You hit the lizard.
 You hit the lizard!
 The lizard bites!
 The ettin mummy just misses!
 The ettin mummy hits!
 The ettin mummy knocks you backward with a forceful strike!
 What do you want to write with? [- hqvzABF or ?*] -
 You write in the dust with your fingertip.
 What do you want to write in the dust here? Elbereth
 The lizard bites!
 What do you want to write with? [- hqvzABF or ?*] -
 Do you want to add to the current engraving? [ynq] (y) n
 You wipe out the message that was written in the dust here.
 You write in the dust with your fingertip.
 What do you want to write in the dust here? Elbereth
 The ettin mummy turns to flee.
 The rothe turns to flee.
 The lizard turns to flee.
 The ettin mummy hits!
 The ettin mummy hits again!
 You die...
 Do you want your possessions identified? [ynq] (y) y
 Do you want to see your attributes? [ynq] (y) q

Inventory:
 Weapons  (')')
  h - a rusty +0 dagger (weapon in right hand)
  B - a thoroughly rusty +0 dwarvish short sword
  F - a +0 long sword
  A - a thoroughly rusty +0 orcish short sword
 Armor    ('[')
  C - an uncursed thoroughly rusty +1 dwarvish iron helm (being worn)
  D - an uncursed thoroughly rusty +0 pair of iron shoes (being worn)
  E - a blessed thoroughly rusty +0 dwarvish roundshield (being worn)
  o - an uncursed +0 dwarvish mithril-coat (being worn)
 Comestibles  ('%')
  u - an uncursed food ration
 Scrolls  ('?')
  w - 2 uncursed scrolls of earth
 Rings    ('=')
  v - a blessed +1 ring of adornment
 Wands    ('/')
  z - a blessed wand of light (0:10)
  q - a wand of teleportation (0:1)
 Tools    ('(')
  p - an uncursed wooden harp

Brudee the Rogue's attributes:

Background:
 You were a Pilferer, a level 10 female human Rogue.
 You were chaotic, on a mission for Kos
 who was opposed by Issek (lawful) and Mog (neutral).
 You were right-handed.
 You were in the Dungeons of Doom, on level 11.
 You entered the dungeon 9528 turns ago.
 You had 5593 experience points, 4407 more were needed to attain level 11.
 Your score was 10066 before end-of-game adjustments.

Basics:
 You had 0 out of 97 hit points.
 You had all 44 energy points (spell power).
 Your armor class was 3.
 Your wallet was empty.
 Autopickup was on for '$!=+?/"' plus thrown.

Final Characteristics:
 Your strength was 11 (peak:13, limit:18/100).
 Your dexterity was 18 (limit:18).
 Your constitution was 18 (limit:18).
 Your intelligence was 8 (limit:18).
 Your wisdom was 12 (limit:18).
 Your charisma was 11 (limit:18).

Final Status:
 You weren't hungry.
 You were unencumbered.
 You were wielding a dagger.
 You had expert skill with dagger.

Final Attributes:
 You were piously aligned.
 You were poison resistant.
 You were telepathic.
 You had automatic searching.
 You were stealthy.
 You were guarded.
 Your spell casting was impaired by metallic armor.
 You were lucky.
 You are dead.

Miscellaneous:
 You didn't encounter any bones levels.
 Total elapsed playing time was 3 hours, 9 minutes and 27 seconds.

Major events:
 Turn
    1: Brudee the chaotic female human Rogue entered the dungeon
  900: entered the Gnomish Mines
 1333: attained the rank of Cutpurse (level 3)
 2601: attained the rank of Rogue (level 6)
 2712: reached Mine Town
 3004: was bestowed with Sting by Kos
 6343: was bestowed with Ogresmasher by Kos
 7609: attained the rank of Pilferer (level 10)
 7840: entered Sokoban
 8120: completed 1st Sokoban level
 9528: killed by an ettin mummy

Spells:
 Name                 Level Category     Fail Retention
 magic missile          2   attack       100%   51%-75%
 cure blindness         2   healing      100%  76%-100%

Skills:
 Fighting Skills
   bare handed combat [Unskilled]
   two weapon combat  [Unskilled]
   riding             [Unskilled]
 Weapon Skills
   dagger             [Expert]
   knife              [Unskilled]
   short sword        [Basic]
   broadsword         [Unskilled]
   long sword         [Unskilled]
   two-handed sword   [Unskilled]
   saber              [Unskilled]
   club               [Unskilled]
   mace               [Basic]
   morning star       [Unskilled]
   flail              [Unskilled]
   hammer             [Basic]
   polearms           [Unskilled]
   spear              [Unskilled]
   crossbow           [Unskilled]
   dart               [Unskilled]
   shuriken           [Unskilled]
 Spellcasting Skills
   divination spells  [Unskilled]
   escape spells      [Unskilled]
   matter spells      [Unskilled]

Voluntary challenges:
 Character rerolling was not enabled.
 You never genocided any monsters.
 You never polymorphed an object.
 You never changed form.
 You used no wishes.
 You did not violate any of the special Sokoban rules.
Achievements:
 You entered a shop.
 You entered the Gnomish Mines.
 You attained the rank of Cutpurse.
 You attained the rank of Rogue.
 You entered Minetown.
 You entered a temple.
 You attained the rank of Pilferer.
 You entered Sokoban.

 The Dungeons of Doom: levels 1 to 12
    Level 1:
       A fountain.
    Level 2:
       A general store.
       Stairs down to The Gnomish Mines.
    Level 3:
       Some fountains.
    Level 4:
       A potion shop, a fountain, a grave.
    Level 5:
    Level 6:
    Level 7:
       A fountain.
       Stairs up to Sokoban, level 6.
    Level 8:
       Some fountains.
    Level 9: "BLACK UNICORN"
    Level 10:
    Level 11: <- You were here.
       An altar to Kos.
       Final resting place for
          you, killed by an ettin mummy.
    Level 12:
       A fountain.
       Summoned by the Master of Thieves.
 The Gnomish Mines: levels 3 to 6
    Level 3:
    Level 4:
    Level 5:
    Level 6:
       Many shops, a temple and an altar to Kos, some fountains.
 Sokoban: levels 6 up to 5
    Level 5:
       Unsolved.
    Level 6:
       Solved.


Vanquished creatures:
  a small mimic
  a leocrotta
 an energy vortex
 an elf mummy
 an ettin zombie
  a giant beetle
  a wolf
  3 leprechauns
  a scorpion
  a dwarf mummy
  2 rust monsters
  3 lizards
  2 dingoes
  a dog
  a dwarf leader
  2 blue jellies
  a dust vortex
  2 ravens
  2 gnome mummies
 an ape
  a rope golem
  2 mountain nymphs
 an Uruk-hai
  a rock piercer
  4 fog clouds
  3 yellow lights
  3 violet fungi
  7 gnome leaders
  2 gnomish wizards
  3 floating eyes
  7 dwarves
  a homunculus
  a kobold leader
  2 kobold shamans
 13 hill orcs
 15 rothes
  a centipede
  a giant bat
  a dwarf zombie
  a wererat
  6 iguanas
  3 acid blobs
  4 hobbits
  2 large kobolds
  2 hobgoblins
  7 cave spiders
  a brown mold
  2 red molds
 28 gnomes
  4 geckos
 15 jackals
  2 foxes
  2 kobolds
  3 goblins
  a sewer rat
  5 grid bugs
  2 bats
 10 lichens
  2 kobold zombies
  8 newts
208 creatures vanquished.

No species were genocided or became extinct.

Game over:
                       ----------
                      /          \
                     /    REST    \
                    /      IN      \
                   /     PEACE      \
                  /                  \
                  |      Brudee      |
                  |       0 Au       |
                  |   killed by an   |
                  |   ettin mummy    |
                  |                  |
                  |                  |
                  |       2026       |
                 *|     *  *  *      | *
        _________)/\\_//(\/(/\)/\//\/|_)_______

Goodbye Brudee the Rogue...

You died in The Dungeons of Doom on dungeon level 11 with 10066 points,
and 0 pieces of gold, after 9528 moves.
You were level 10 with a maximum of 97 hit points when you died.

